 Dungeon Crawl Stone Soup version 0.17.1-3-g152610e (webtiles) character file.

235 Gargoyl the Skirmisher (level 5, -3/42 HPs)
             Began as a Demonspawn Abyssal Knight on Mar 31, 2016.
             Was a Believer of Lugonu.
             Slain by a gnoll (6 damage)
             ... on level 4 of the Dungeon.
             The game lasted 00:14:13 (3052 turns).

Gargoyl the Skirmisher (Demonspawn Abyssal Knight)  Turns: 3052, Time: 00:14:13

Health: -3/42      AC: 11    Str: 14      XL:     5   Next: 76%
Magic:  7/7        EV:  9    Int: 13      God:    Lugonu [**....]
Gold:   210        SH:  2    Dex:  8 (12) Spells: 0 memorised, 4 levels left

rFire  . . .     SeeInvis .     a - +2 hand axe
rCold  . . .     Clarity  .     f - +0 scale mail
rNeg   . . .     SustAt   .     (no shield)
rPois  .         Gourm    .     l - +0 helmet
rElec  .         Spirit   .     d - +0 cloak
rCorr  .         Warding  .     (no gloves)
rMut   .         Stasis   .     (no boots)
MR     .....                    (no amulet)
Stlth  +.........               (no ring)
                                (no ring)

@: very slightly contaminated, drained, not resistant to hostile enchantments,
very unstealthy
A: claws 2, large bone plates 1, nightstalker 1
a: Depart the Abyss, Bend Space, Renounce Religion


You were on level 4 of the Dungeon.
You worshipped Lugonu.
Lugonu was pleased with you.
You were not hungry.

You visited 1 branch of the dungeon, and saw 4 of its levels.
You visited the Abyss 1 time.

You collected 210 gold pieces.

Inventory:

Hand Weapons
 a - a +2 hand axe (weapon)
 e - a +2 hand crossbow of evasion
Armour
 d - a +0 cloak (worn)
 f - a +0 scale mail (worn)
 l - a +0 helmet (worn)
Scrolls
 b - a scroll of amnesia
 g - 7 scrolls of identify
 i - a scroll of blinking
 m - a scroll of remove curse
Comestibles
 c - 2 bread rations
 o - a beef jerky


   Skills:
 + Level 4.2(3.8) Fighting
 + Level 2.9(2.5) Axes
 + Level 0.8(0.5) Crossbows
 + Level 3.2(2.8) Armour
 + Level 2.1(1.7) Dodging
 + Level 0.2(0.0) Stealth
 + Level 2.8(2.5) Invocations


You had 4 spell levels left.
You didn't know any spells.

Dungeon Overview and Level Annotations

Branches:
Dungeon (4/15)
 Temple: D:4-7

Altars:
Elyvilon
Fedhas


Innate Abilities, Weirdness & Mutations

You have very sharp fingernails.
You are partially covered in large bone plates (AC +2, SH +2).
You are slightly more attuned to the shadows.


Message History

You hit the gnoll.
The gnoll is lightly wounded.
The gnoll hits you but does no damage. x2
Unknown command.
You hit the gnoll.
The gnoll is moderately wounded.
The gnoll barely misses you. You block the gnoll's attack.
The gnoll barely misses you.
The gnoll hits you with an enchanted whip.
* * * LOW HITPOINT WARNING * * *
A jackal skeleton comes into view.
Unknown command.
You slash the gnoll!
The gnoll is almost dead.
You hit the gnoll.
The gnoll is heavily wounded.
You hit the gnoll.
The gnoll is moderately wounded.
The gnoll closely misses you. The gnoll hits you.
You die...

#.....# #.##..
#.....########.....
#.....'.W..........
#...Z.##########...
#.....##########...
#.....#.......##...
'####.W...#.......##...
...gggg...#............
..g.g.@...#............
.....g#####............
+##### ###.....##...
########### .......
.###### # . ..


You could see a phantom, a gnoll shaman, 6 gnolls and a jackal skeleton.

Vanquished Creatures
  2 orc priests
  Crazy Yiuf (D:3)
  An orc wizard (D:3)
  A gnoll (D:1)
  4 adders
  A giant gecko (D:1)
  8 orcs
  3 giant cockroaches
  8 goblins
  4 hobgoblins
  7 jackals (D:2)
  10 kobolds
  8 bats
  4 giant newts
  7 rats
  A fungus (D:3)
70 creatures vanquished.

Notes
Turn   | Place    | Note
--------------------------------------------------------------
     0 | Abyss:1  | Gargoyl the Demonspawn Abyssal Knight began the quest for the Orb.
     0 | Abyss:1  | Reached XP level 1. HP: 18/18 MP: 2/2
    99 | Abyss:1  | Found a shattered altar of Ashenzari.
   108 | Abyss:1  | Noticed a bone dragon
   116 | Abyss:1  | Noticed a ynoxinul
   129 | Abyss:2  | Found a corrupted altar of Lugonu.
   153 | Abyss:2  | Noticed a quasit
   153 | D:1      | Escaped the Abyss
   359 | D:1      | Reached skill level 1 in Dodging
   412 | D:1      | Gained mutation: You are partially covered in large bone plates (AC +2, SH +2). [demonic ancestry]
   412 | D:1      | Reached XP level 2. HP: 22/24 MP: 3/3
   413 | D:1      | Reached * piety under Lugonu
   516 | D:1      | Gained mutation: You have sharp fingernails. [demonic ancestry]
   516 | D:1      | Reached XP level 3. HP: 18/29 MP: 5/5
  1178 | D:2      | Reached ** piety under Lugonu
  1528 | D:2      | Found a white marble altar of Elyvilon.
  1681 | D:3      | Gained mutation: You have very sharp fingernails. [demonic ancestry]
  1681 | D:3      | Reached XP level 4. HP: 37/37 MP: 6/6
  1947 | D:3      | Reached skill level 4 in Fighting
  1947 | D:3      | Gained mutation: You are slightly more attuned to the shadows. [demonic ancestry]
  1947 | D:3      | Reached XP level 5. HP: 42/42 MP: 7/7
  2714 | D:3      | Noticed Crazy Yiuf
  2721 | D:3      | Paralysed by Crazy Yiuf for 2 turns
  2730 | D:3      | Killed Crazy Yiuf
  2987 | D:4      | Noticed a phantom
  3028 | D:4      | HP: 1/42 [worker ant (6)]
  3037 | D:4      | Found a blossoming altar of Fedhas.
  3052 | D:4      | Slain by a gnoll

Action                   |  1- 3 |  4- 6 || total
-------------------------+-------+-------++-------
Melee: Hand axe          |   105 |   143 ||   248
 Fire: Hand crossbow     |    16 |     4 ||    20
Throw: Tomahawk          |       |     5 ||     5
Invok: Depart the Abyss  |     1 |       ||     1
  Use: Scroll            |     1 |     7 ||     8
       Potion            |       |     4 ||     4
  Eat: Chunk             |     2 |     2 ||     4
       Bread ration      |       |     1 ||     1
       Royal jelly       |       |     1 ||     1
